AoeStats
← Ferkus

Lombardia

509702548Analyzed
2v2 RM · 5d ago on Sep 27, 2026· 18m 7s· 4 players
Game mode
Random Map
Map size
Medium (4 player)
Population
200
Speed
Normal
Resources
Standard
Victory
Conquest
Starting age
Dark Age
Ending age
Imperial Age
RankedLock teamsTeams togetherTeam positionsShared explorationLock speedFull tech treeHidden civsTurbo modeCheats
Victory
Defeat
🇦🇷 Bengalis · Argentina
1327
+16
🇦🇷 Turks · Argentina
1228
+21
🇺🇾 Khmer · Uruguay
1336
-19
🇳🇱 Byzantines · Netherlands
1310
-18
Theurarthur
6:49 Loom
8:54 Feudal Age
14:07 Double-Bit Axe
14:05 Horse Collar
PMA
11:10 Feudal Age
14:26 Castle Age
12:45 Double-Bit Axe
12:56 Horse Collar
15:21 Bow Saw
15:13 Heavy Plow
16:05 Loom
gelas14
9:39 Feudal Age
9:30 Loom
11:00 Town Watch
11:35 Double-Bit Axe
13:46 Fletching
14:36 Gold Mining
16:17 Padded Archer Armor
Ferkus
10:03 Feudal Age
10:03 Loom
10:55 Double-Bit Axe
14:34 Bloodlines
17:05 Forging
17:00 Scale Barding Armor
Connection lost

Rejoining the realm…

Still unreachable

The connection could not be restored.

Session expired

The server has moved on; the page needs a fresh start.